 Dungeon Crawl Stone Soup version 0.31-a0-692-gf03d185 (webtiles) character file.

Game seed: 1585114394170765420

188 BarneyGumball the Magician (level 6, -5/40 HPs)
             Began as a Djinni Hedge Wizard on Sept 6, 2023.
             Killed from afar by an orc wizard (7 damage)
             ... with a magic dart
             ... on level 4 of the Dungeon.
             The game lasted 00:08:35 (2759 turns).

BarneyGumball the Magician (Djinni Hedge Wizard)    Turns: 2759, Time: 00:08:36

Health: -5/40      AC:  2    Str:  9    XL:     6   Next: 0%
Gold:   179        EV: 12    Int: 18    God:
                   SH:  0    Dex: 12

rFire   + + .        k - +0 spear
rCold   x . .        (no shield)
rNeg    . . .        b - +0 robe
rPois   ∞            c - +0 hat
rElec   .            (no cloak)
rCorr   .            (no gloves)
SInv    .            (boots unavailable)
Will    .....        (no amulet)
Stlth   ++           (no ring)
HPRegen 0.26/turn    (no ring)
MPRegen 0.00/turn

%: infuse magic (-6 HP)
@: flying
A: sickness immunity, fire resistance 2, cold vulnerability 1, float, innate
caster, HP casting, extra vitality 1
a: no special abilities


You were on level 4 of the Dungeon.
You visited 1 branch of the dungeon, and saw 4 of its levels.

You collected 179 gold pieces.

Inventory:

Hand Weapons
 a - a +0 dagger
 k - a +0 spear (weapon)
Missiles
 j - 12 poisoned darts
Armour
 b - a +0 robe (worn)
 c - a +0 hat (worn)
 e - a +0 buckler
Jewellery
 i - a ring of fire
Wands
 p - a wand of polymorph (6)
Scrolls
 h - a scroll of amnesia {unknown}
 l - 2 scrolls of identify {unknown}
 n - a scroll of enchant armour {unknown}
 o - 2 scrolls of teleportation
 s - a scroll of fog {unknown}
Potions
 d - a potion of lignification {unknown}
 f - 3 potions of heal wounds {unknown}
 g - 2 potions of berserk rage {unknown}
 m - 2 potions of haste {unknown}
 q - a potion of mutation {unknown}
 r - a potion of degeneration {unknown}


   Skills:
 - Level 2.1 Dodging
 - Level 1.5 Stealth
 + Level 3.4 Shields
 + Level 4.1 Spellcasting
 + Level 4.1 Conjurations
 + Level 4.1 Hexes
 + Level 4.1 Summonings
 + Level 4.1 Necromancy
 + Level 4.1 Translocations
 + Level 4.1 Transmutations
 + Level 4.1 Fire Magic
 + Level 4.1 Ice Magic
 + Level 4.1 Air Magic
 + Level 4.1 Earth Magic
 + Level 4.1 Poison Magic


You knew the following spells:

 Your Spells              Type           Power      Damage    Failure   Level
a - Magic Dart            Conj           72%        1d6       2%          1
b - Call Imp              Summ           36%        N/A       4%          2
c - Summon Small Mammal   Summ           72%        N/A       2%          1
d - Slow                  Hex            72%        N/A       2%          1
e - Mephitic Cloud        Conj/Pois/Air  18%        N/A       9%          3
f - Blink                 Tloc           36%        N/A       4%          2
g - Poisonous Vapours     Pois/Air       36%        N/A       4%          2
Your spell library was empty.

Dungeon Overview and Level Annotations

Branches:
Dungeon (4/15)
 Temple: D:4-7

Altars:

Shops:
D:2 (


Innate Abilities, Weirdness & Mutations

You are immune to sickness and miasma.
You are immune to poison.
Your flesh is very heat resistant. (rF++)
You are vulnerable to cold. (rC-)
You float through the air rather than walking.
You learn spells naturally, not from books.
Your magical power is your life essence.
You have superior vitality. (+4 MHP)


Message History

Something hits you.
* * * LOW HITPOINT WARNING * * *
The orc throws a boomerang.
The boomerang closely misses you.
Something hits your cerulean imp but does no damage.
Something completely misses you.
The orc throws a boomerang.
The boomerang hits you.
* * * LOW HITPOINT WARNING * * *
Something completely misses your cerulean imp.
Something hits your cerulean imp.
You hear some strange, mumbled words.
A puff of flame appears from out of thin air!
The puff of flame hits you. You resist.
* * * LOW HITPOINT WARNING * * *
You feel less confused.
An orc wizard appears from thin air!
Reactivating autopickup.
Your cerulean imp barely misses the orc wizard.
The orc wizard hits you with a +0 dagger.
* * * LOW HITPOINT WARNING * * *
Casting: Call Imp (safe; 4% risk of failure)
Confirm with . or Enter, or press ? or * to list all spells.
You blink.
* * * LOW HITPOINT WARNING * * *
Your cerulean imp closely misses the orc wizard.
Casting: Blink (safe; 4% risk of failure)
Confirm with . or Enter, or press ? or * to list all spells.
Okay, then.
Casting: Blink (safe; 4% risk of failure)
Confirm with . or Enter, or press ? or * to list all spells.
Aiming: Magic Dart (safe; 2% risk of failure)
Press: ? - help, Shift-Dir - straight line, f - orc wizard
Aim: an orc wizard, wielding a +0 dagger and wearing a +0 robe (translocational energy, heavily wounded, ally target, 100% to hit)
The magic dart hits the orc wizard.
The orc wizard is severely wounded.
* * * LOW HITPOINT WARNING * * *
Your cerulean imp barely misses the orc wizard.
You feel stable enough to blink again.
The orc wizard points at you and mumbles some strange words.
The magic dart hits you!
You die...

### ##.## ##...##
##.....##
####.......##
#5.o.o.....@#
.#####.##.......##
#..)...###.....##
##)##### ##...##
#.. ##.## ... #.#
... #.# #.. #.#
#.. #######.#
#################


You could see an orc wizard.

Vanquished Creatures
  An orc priest (D:4)
  Natasha (twice) (D:2)
  An adder (D:3)
  3 gnolls (D:3)
  3 worms
  A dart slug (D:2)
  7 orcs (D:3)
  3 bats
  4 endoplasms
  2 giant cockroaches
  3 goblins
  5 hobgoblins
  2 quokkas
  5 ball pythons
  A kobold (D:3)
  4 rats
47 creatures vanquished.

Vanquished Creatures (collateral kills)
  A worm (D:3)
  2 orcs
3 creatures vanquished.

Grand Total: 50 creatures vanquished

Notes
Turn   | Place    | Note
-------+----------+-------------------------------------------
     0 | D:1      | BarneyGumball the Djinni Hedge Wizard began the quest for
                  | the Orb.
     0 | D:1      | BarneyGumball set off with the following spells memorised:
                  | Magic Dart, Slow, Blink, Call Imp, Mephitic Cloud.
     0 | D:1      | Reached XP level 1. HP: 15/15 MP: 0/0
   249 | D:1      | Reached XP level 2. HP: 19/21 MP: 0/0
   507 | D:2      | Noticed Natasha
   521 | D:2      | Killed Natasha
   522 | D:2      | Reached skill level 1 in Shields
   522 | D:2      | Reached XP level 3. HP: 8/25 MP: 0/0
   522 | D:2      | Learned a level 1 spell: Summon Small Mammal
   652 | D:2      | Found Gojuip's Weapon Emporium.
   827 | D:2      | Found a faded altar of an unknown god.
   945 | D:2      | Reached XP level 4. HP: 23/31 MP: 0/0
  1328 | D:2      | Noticed Natasha
  1333 | D:2      | Killed Natasha
  1980 | D:3      | Reached XP level 5. HP: 29/35 MP: 0/0
  1980 | D:3      | Learned a level 2 spell: Poisonous Vapours
  2735 | D:4      | Reached XP level 6. HP: 25/40 MP: 0/0
  2759 | D:4      | Killed from afar by an orc wizard

Illustrated notes

Levels and vault maps discovered:
D:1:      tarquinn_simple_flora_water_b, layout_rooms
D:2:      layout_basic, serial_shops, shop, shapermc_ecumenical_altar_venn,
          uniq_natasha
D:3:      layout_basic
D:4:      layout_loops_ring, gammafunk_ghost_smash

Skill      XL: |  1  2  3  4  5 |
---------------+----------------+-----
Spellcasting   | 3 4 |  4.1
Conjurations   | 3 4 |  4.1
Hexes          | 3 4 |  4.1
Summonings     | 3 4 |  4.1
Necromancy     | 3 4 |  4.1
Translocations | 3 4 |  4.1
Transmutations | 3 4 |  4.1
Fire Magic     | 3 4 |  4.1
Ice Magic      | 3 4 |  4.1
Air Magic      | 3 4 |  4.1
Earth Magic    | 3 4 |  4.1
Poison Magic   | 3 4 |  4.1
Shields        | 1 2 3 |  3.4
Dodging        | |  2.1
Stealth        | |  1.5

Action                     |  1- 3 |  4- 6 || total
---------------------------+-------+-------++-------
  Melee: Dagger            |     5 |       ||     5
         Spear             |       |    20 ||    20
   Cast: Magic Dart        |    54 |   105 ||   159
         Call Imp          |     1 |     6 ||     7
         Summon Small Mamm |       |    10 ||    10
         Blink             |       |     2 ||     2
         Poisonous Vapours |       |     4 ||     4
    Use: Scroll            |       |     1 ||     1
 Armour: Robe              |     5 |    32 ||    37
  Dodge: Dodged            |     9 |    19 ||    28

Table legend: (Time is in decaauts)
 A = Elapsed time spent in this place.
 B = Non-inter-level travel time spent in this place.
 C = Inter-level travel time spent in this place.
 D = Time resting spent in this place.
 E = Time spent auto-exploring this place.
 F = Levels seen in this place.
 G = Mean time per level.
                   A        B        C        D        E       F      G
               +--------+--------+--------+--------+--------+-----+--------+
         Total |   2762 |   2627 |    135 |    186 |   1973 |   4 |  690.5 |
       Dungeon |   2762 |   2627 |    135 |    186 |   1973 |   4 |  690.5 |
               +--------+--------+--------+--------+--------+-----+--------+

Top non-repeatable levels by time:
     D:3: 1162 daAuts
     D:2: 1030 daAuts
     D:1: 463 daAuts
     D:4: 106 daAuts
